 Dungeon Crawl Stone Soup version 0.30-a0-956-gcec3b41aec (webtiles) character file.

Game seed: 6059320631464990412

193308 octoduck the Warrior (level 18, -10/124 HPs)
             Began as a Djinni Ice Elementalist on Mar 28, 2023.
             Was the Champion of Makhleb.
             Blown up by an orb spider (53 damage)
             ... with an orb of destruction
             ... on level 2 of the Spider Nest on Mar 29, 2023.
             The game lasted 02:24:52 (34926 turns).

octoduck the Warrior (Djinni Ice Elementalist)     Turns: 34926, Time: 02:24:52

Health: -10/124    AC: 23    Str: 11    XL:     18   Next: 95%
Gold:   515        EV: 14    Int: 26    God:    Makhleb [******] SH:  5 Dex: 15

rFire   + + .      SeeInvis +    F - +10 short sword "Cofroif" {speed, rPois Dex-4 SInv Stlth+}
rCold   + + .      Faith    .    z - +0 buckler of Decompression {Drain rElec Str+2 Slay+2}
rNeg    . . .      Spirit   .    A - +6 scale mail of the Sky {Rampage rC+ Int+2 SInv} rPois āˆž Reflect .
                                 M - +0 helmet
rElec   +          Rampage  +    L - +2 cloak
rCorr   .                        b - +5 pair of gloves of Absence {rPois rF- rC++ Stlth+}
Will    ++...                    (boots unavailable)
Stlth   +++                      R - amulet of regeneration
HPRegen 1.20/turn                l - +6 ring of intelligence
MPRegen 0.00/turn                i - ring of willpower

@: flying
A: sickness immunity, fire resistance 3, cold vulnerability 1, float, innate
caster, HP casting, extra vitality 1, deformed body, frail 1, devolution 1
}: 1/15 runes: decaying
a: Renounce Religion, Minor Destruction, Lesser Servant of Makhleb, Major
Destruction, Greater Servant of Makhleb


You were on level 2 of the Spider Nest.
You worshipped Makhleb.
Makhleb was exalted by your worship.
You visited 6 branches of the dungeon, and saw 26 of its levels.

You collected 2010 gold pieces.
You spent 1495 gold pieces at shops.

Inventory:

Hand Weapons
 F - the +10 short sword "Cofroif" (weapon) {speed, rPois Dex-4 SInv Stlth+}
   (You found it on level 7 of the Dungeon)

   Dex:       It affects your dexterity (-4).
   rPois:     It protects you from poison.
   SInv:      It lets you see invisible.
   Stlth:     It makes you more stealthy.
Missiles
 p - 4 throwing nets
Armour
 b - the +5 pair of gloves of Absence (worn) {rPois rF- rC++ Stlth+}
   (You bought it in a shop on level 2 of the Orcish Mines)

   rF:        It makes you vulnerable to fire.
   rC:        It greatly protects you from cold.
   rPois:     It protects you from poison.
   Stlth:     It makes you more stealthy.
 z - the +0 buckler of Decompression (worn) {Drain rElec Str+2 Slay+2}
   (You took it off an orc on level 5 of the Dungeon)

   Str:       It affects your strength (+2).
   Slay:      It affects your accuracy & damage with ranged weapons and melee
   (+2).
   rElec:     It insulates you from electricity.
   Drain:     It drains your maximum health when unequipped.
 A - the +6 scale mail of the Sky (worn) {Rampage rC+ Int+2 SInv}
   (You found it on level 11 of the Dungeon)

   Int:       It affects your intelligence (+2).
   rC:        It protects you from cold.
   SInv:      It lets you see invisible.
   Rampage:   It bestows one free step when moving towards enemies.
 L - a +2 cloak (worn)
 M - a +0 helmet (worn)
 P - a +2 robe of willpower
 Y - a +2 kite shield of reflection
 Z - the +5 robe of Baldness {Dex+2}
   (You found it on level 5 of the Lair of Beasts)

   Dex:       It affects your dexterity (+2).
Jewellery
 i - a ring of willpower (right hand)
 l - a +6 ring of intelligence (left hand)
 w - a ring of see invisible
 R - an amulet of regeneration (around neck)
Wands
 s - a wand of roots (44)
 v - a wand of acid (7)
 C - a wand of flame (23)
 E - a wand of polymorph (15)
 K - a wand of mindburst (17)
 S - a wand of paralysis (42)
 U - a wand of digging (19)
Scrolls
 c - a scroll of torment
 f - 5 scrolls of vulnerability
 g - a scroll of silence
 j - 5 scrolls of teleportation
 o - 4 scrolls of immolation
 t - 8 scrolls of fog
 x - 4 scrolls of enchant armour
 y - 4 scrolls of magic mapping
 N - 4 scrolls of enchant weapon
 Q - 3 scrolls of poison
Potions
 a - 3 potions of heal wounds
 d - 2 potions of lignification
 h - 9 potions of curing
 k - 2 potions of invisibility
 m - 6 potions of might
 n - 7 potions of mutation
 q - 2 potions of cancellation
 r - 6 potions of brilliance
 u - 3 potions of resistance
 G - a potion of ambrosia
 H - 7 potions of attraction
 J - 5 potions of haste
 W - 2 potions of berserk rage
Miscellaneous
 D - a box of beasts
 X - a lightning rod (4/4)


   Skills:
 - Level 15.2 Fighting
 - Level 4.2 Long Blades
 + Level 12.0 Armour
 + Level 15.1 Dodging
 - Level 1.5 Stealth
 - Level 4.4 Shields
 * Level 14.2 Spellcasting
 - Level 9.7 Invocations


You knew the following spells:

 Your Spells              Type           Power      Damage    Failure   Level
a - Sandblast             Erth           100%       2d20      1%          1
b - Stone Arrow           Conj/Erth      100%       3d13      1%          3
c - Fireball              Conj/Fire      37%        3d15      1%          5
d - Summon Ice Beast      Ice/Summ       75%        N/A       1%          4
e - Frozen Ramparts       Ice            100%       1d16      1%          3
f - Searing Ray           Conj           100%       2d8       1%          2
g - Freeze                Ice            100%       1d10      1%          1
h - Leda's Liquefaction   Hex/Erth       37%        N/A       1%          4
i - Petrify               Tmut/Erth      75%        N/A       1%          4
j - Ozocubu's Armour      Ice            75%        N/A       1%          3
k - Statue Form           Tmut/Erth      50%        N/A       7%          6
l - Death Channel         Necr           37%        N/A       7%          6
Your spell library was empty.

Dungeon Overview and Level Annotations

Branches:
Dungeon (12/15)            Temple (1/1) D:6            Lair (5/5) D:10
  Swamp (4/4) Lair:3       Spider (2/4) Lair:2        Slime (0/5) Lair:5
    Orc (2/2) D:11            Elf (0/3) Orc:2

Altars:
Ashenzari
Cheibriados
Dithmenos
Elyvilon
Fedhas
Gozag
Hepliaklqana
Makhleb
Nemelex Xobeh
Okawaru
Qazlal
Ru
Trog
Uskayaw
Wu Jian
Xom
Yredelemnul
Zin
The Shining One
Jiyva

Shops:
D:3 (   D:9 =   D:12 *   Orc:2 :[?*

Annotations:
Lair:5 exclusion: obsidian statue


Innate Abilities, Weirdness & Mutations

You are immune to sickness and miasma.
You are immune to poison.
Your flesh is almost immune to the effects of heat. (rF+++)
You are vulnerable to cold. (rC-)
You float through the air rather than walking.
You learn spells naturally, not from books.
Your magical power is your life essence.
You have superior vitality. (+4 MHP)
Armour fits poorly on your strangely shaped body.
You are frail. (-10% HP)
You have hidden genetic defects.


Message History

Your spectral redback bites the orb spider but does no damage.
The orb of destruction hits you!!!
Ouch! That really hurt!
* * * LOW HITPOINT WARNING * * *
Your spectral redback bites the orb spider.
Your spectral redback drains the orb spider.
Your spectral redback is engulfed in freezing vapours.
What are your orders? t - Shout!
Orders for allies: a - Attack new target. r - Retreat! s - Stop attacking. g - Guard the area. f - Follow me.
Anything else - Cancel.
Gang up on whom?
Press: ? - help, Dir - move target, f - orb spider
Aim: an orb spider (moderately wounded, soul bound, lightly drained, ally target) Attack!
Your spectral tarantella hits the orb spider.
The orb spider spins a strand of pure energy.
Your spectral tarantella hits the orb spider.
Your spectral redback closely misses the orb spider.
Your spectral culicivora bites the orb spider.
Your spectral boulder beetle is engulfed in freezing vapours.
Your spectral tarantella barely misses the orb spider.
Your spectral redback barely misses the orb spider.
Your spectral culicivora bites the orb spider.
Your unholy channel expires.
Your spectral redback fades into mist!
Your spectral tarantella fades into mist!
Your spectral culicivora fades into mist!
Your spectral tarantella fades into mist!
Your spectral boulder beetle fades into mist!
Your spectral demonic crawler fades into mist!
Your spectral boulder beetle fades into mist!
Your spectral culicivora fades into mist!
Your spectral redback fades into mist!
The orb spider weaves a glowing orb of energy.
An orb of destruction comes into view.
The orb of destruction hits you!!!
You die...

........# .....#.!..
...s....#.........(......
....s..............)....####
.sw......# ...#..
.............#...#..).## .#.
... B..................#..##
... ....
.....^#@.........#....# ..
.......#...#ā˜¼......#.......#
...
......$...sā—‹...............#
.................#.#...
............#.<.......#
............ā€ .....#....
.......................
.........#.............
....#..................


There were no monsters in sight!

Vanquished Creatures
  A tentacled monstrosity (Swamp:4)
  A fenstrider witch (Swamp:4)
  Donald (Swamp:2)
  3 emperor scorpions (Spider:1)
  Louise (Swamp:2)
  6 eleionomae
  4 bunyips
  3 dire elephants
  2 shambling mangroves
  Josephine (Lair:3)
  Harold (Lair:2)
  Fannar (Lair:2)
  5 hydras
  A rakshasa (D:10)
  4 ogre magi (Orc:2)
  A centaur warrior (D:8)
  6 ghost crabs
  A radroach (Spider:1)
  20 two-headed ogres
  6 alligators
  3 boulder beetles
  4 death yaks
  5 spriggans
  Nergalle (D:11)
  A spectral death yak (Lair:5)
  2 goliath frogs (Swamp:1)
  A skyshark (Lair:3)
  3 pharaoh ants
  A spectral anaconda (Lair:5)
  A spriggan druid (Swamp:1)
  An orb spider (Spider:1)
  3 spectral hydras (Swamp:4)
  7 bog bodies
  2 steelbarb worms (Spider:1)
  7 swamp dragons
  4 deep elf pyromancers (Orc:2)
  Pikel (D:7)
  3 necromancers
  4 wolf spiders (Spider:1)
  2 orc knights
  An oklob plant (Swamp:4)
  An orc sorcerer (Orc:1)
  4 deep elf zephyrmancers (Orc:2)
  A will-o-the-wisp (Swamp:2)
  6 cyclopes
  A manticore (D:8)
  A moth of wrath (Spider:1)
  2 demonic crawlers (Spider:1)
  18 elephants
  3 black mambas
  A dire elephant skeleton (Lair:5)
  A torpor snail (Lair:5)
  13 cane toads
  Maggie (D:6)
  2 gargoyles (D:11)
  5 rime drakes
  4 swamp worm zombies (Swamp:4)
  11 komodo dragons
  3 bloated husks (Swamp:4)
  A meliai (Lair:1)
  3 polar bears
  13 tyrant leeches
  3 trolls
  3 hydra zombies (Swamp:4)
  5 hornets
  5 tarantellas
  A spectral elephant (Lair:5)
  2 blink frogs (Lair:3)
  4 spectral swamp dragons (Swamp:4)
  5 alligator zombies (Swamp:4)
  8 slime creatures (D:12)
  3 jumping spiders (Spider:1)
  Sigmund (D:4)
  4 culicivoras
  A shadow (D:8)
  3 vampires
  4 water elementals (D:11)
  5 wraiths (Lair:3)
  34 yaks
  6 wyverns
  2 steam dragons
  A basilisk (Lair:5)
  6 vampire mosquitoes
  8 redbacks (Spider:1)
  4 wargs
  14 swamp worms
  An acid dragon (D:10)
  14 water moccasins
  18 orc warriors
  3 black bears
  2 sky beasts
  4 swamp dragon zombies (Swamp:4)
  2 ice beasts
  26 ogres
  An elephant zombie (Lair:5)
  18 wolves
  4 centaurs
  A tengu (shapeshifter) (D:10)
  A lemure (D:7)
  8 phantoms
  An elephant skeleton (Lair:5)
  2 kobold brigands
  11 bullfrogs
  2 scorpions
  A cane toad simulacrum (Lair:5)
  9 wights (D:10)
  2 elephant simulacra (Lair:5)
  11 killer bees
  A howler monkey (D:5)
  6 electric eels
  3 jellies
  Crazy Yiuf (D:7)
  14 orc priests
  2 hounds
  An iguana (D:6)
  24 orc wizards
  6 adders
  A river rat (D:10)
  A swamp drake zombie (Swamp:4)
  2 shadow imps
  2 white imps
  A dart slug (D:5)
  A worm (D:3)
  75 orcs
  13 bats
  7 endoplasms
  5 giant cockroaches
  5 goblins
  10 hobgoblins
  3 jackals (D:4)
  6 quokkas
  7 ball pythons
  3 frilled lizards
  17 kobolds
  6 rats
718 creatures vanquished.

Vanquished Creatures (collateral kills)
  A dire elephant (Lair:4)
  An alligator (Swamp:2)
  A hydra (Swamp:2)
  2 boulder beetles (Spider:2)
  2 pharaoh ants
  A swamp dragon (Lair:4)
  A death drake (Swamp:3)
  A steelbarb worm (Spider:1)
  A deep elf pyromancer (D:8)
  2 wolf spiders (Spider:1)
  2 black mambas
  5 elephants
  A demonic crawler (Spider:2)
  A cane toad (Lair:3)
  2 komodo dragons
  A hornet (D:8)
  A polar bear (Lair:4)
  A blink frog (Lair:3)
  2 tarantellas
  A tyrant leech (Swamp:2)
  2 culicivoras (Spider:2)
  5 yaks
  A steam dragon (D:7)
  3 redbacks (Spider:2)
  2 swamp drakes (Lair:5)
  A black bear (D:6)
  An orc warrior (Orc:1)
  A wolf (Lair:1)
  2 killer bees
  2 orc priests
  An orc wizard (D:7)
  An adder (D:6)
  11 orcs
  A kobold (D:9)
64 creatures vanquished.

Vanquished Creatures (others)
  An eleionoma (Swamp:4)
  A bloated husk (Swamp:4)
  A swamp worm (Swamp:4)
  A kobold (D:9)
  4 foxfires (Swamp:2)
  26 fungi
  32 plants
  26 withered plants (Lair:5)
92 creatures vanquished.

Grand Total: 874 creatures vanquished

Notes
Turn   | Place    | Note
-------+----------+-------------------------------------------
     0 | D:1      | octoduck the Djinni Ice Elementalist began the quest for
                  | the Orb.
     0 | D:1      | octoduck set off with the following spells memorised:
                  | Freeze, Frozen Ramparts, Ozocubu's Armour, Summon Ice
                  | Beast.
     0 | D:1      | Reached XP level 1. HP: 15/15 MP: 0/0
   102 | D:1      | Reached XP level 2. HP: 20/21 MP: 0/0
   636 | D:1      | Reached XP level 3. HP: 18/25 MP: 0/0
   636 | D:1      | Learned a level 1 spell: Sandblast
  1432 | D:2      | Reached XP level 4. HP: 31/31 MP: 0/0
  1534 | D:2      | Found a shadowy altar of Dithmenos.
  2265 | D:3      | Found Casmysae's Antique Weapon Emporium.
  2633 | D:3      | Reached XP level 5. HP: 36/36 MP: 0/0
  2633 | D:3      | Learned a level 2 spell: Searing Ray
  2807 | D:4      | Noticed Sigmund
  3007 | D:4      | Killed Sigmund
  3008 | D:4      | Reached skill level 5 in Spellcasting
  3008 | D:4      | Reached XP level 6. HP: 23/43 MP: 0/0
  3217 | D:4      | Noticed an ogre
  3238 | D:4      | Killed an ogre
  3239 | D:4      | Reached XP level 7. HP: 39/50 MP: 0/0
  3239 | D:4      | Learned a level 3 spell: Stone Arrow
  3929 | D:5      | Entered Level 5 of the Dungeon
  4425 | D:5      | Identified the +0 buckler of Decompression {Drain rElec
                  | Str+2 Slay+2}
  4427 | D:5      | Reached XP level 8. HP: 32/58 MP: 0/0
  4871 | D:6      | Reached skill level 1 in Shields
  5170 | D:6      | Noticed Maggie
  5235 | D:6      | Reached skill level 5 in Fighting
  5280 | D:6      | Found a staircase to the Ecumenical Temple.
  5290 | Temple   | Entered the Ecumenical Temple
  5453 | Temple   | Became a worshipper of Makhleb the Destroyer
  5505 | D:6      | Found a shadowy altar of Dithmenos.
  5688 | D:6      | Reached XP level 9. HP: 54/65 MP: 0/0
  5688 | D:6      | Learned a level 4 spell: Leda's Liquefaction
  5974 | D:6      | Killed Maggie
  6181 | D:7      | Noticed Pikel
  6186 | D:7      | Killed Pikel
  6567 | D:7      | Identified the +10 short sword "Cofroif" {speed, rPois
                  | Dex-4 SInv Stlth+}
  6899 | D:7      | Reached * piety under Makhleb
  6940 | D:7      | Reached XP level 10. HP: 69/73 MP: 0/0
  6973 | D:7      | Reached skill level 1 in Long Blades
  7187 | D:7      | Found a runed translucent door.
  7188 | D:7      | Noticed Crazy Yiuf
  7194 | D:7      | Killed Crazy Yiuf
  7675 | D:8      | Found a snail-covered altar of Cheibriados.
  8165 | D:8      | Noticed a deep elf pyromancer
  8170 | D:8      | Killed a deep elf pyromancer
  8658 | D:8      | Noticed a centaur warrior
  8677 | D:8      | Killed a centaur warrior
  8678 | D:8      | Reached XP level 11. HP: 15/81 MP: 0/0
  8678 | D:8      | Learned a level 4 spell: Petrify
  8808 | D:8      | Noticed a manticore
  9024 | D:8      | Killed a manticore
  9458 | D:9      | Noticed a two-headed ogre
  9459 | D:9      | Upgraded the game from 0.30-a0-949-g53dc5368d7 to
                  | 0.30-a0-953-g5f1da4a474
  9753 | D:9      | Reached ** piety under Makhleb
  9812 | D:9      | Found Faemysufria's Jewellery Emporium.
  9827 | D:9      | Reached skill level 5 in Dodging
 10714 | D:9      | Killed a two-headed ogre
 10744 | D:9      | Found a hazy altar of Hepliaklqana.
 10757 | D:9      | Found a broken altar of Ashenzari.
 10770 | D:9      | Found a bloodstained altar of Trog.
 10777 | D:9      | Found a sparkling altar of Nemelex Xobeh.
 10783 | D:9      | Found an opulent altar of Gozag.
 10964 | D:10     | Entered Level 10 of the Dungeon
 11257 | D:10     | Noticed a death yak
 11257 | D:10     | Noticed a death yak
 11389 | D:10     | Noticed a two-headed ogre
 11662 | D:10     | Noticed a tengu warrior
 11662 | D:10     | Noticed a rakshasa
 11663 | D:10     | Noticed a cyclops
 11663 | D:10     | Noticed an ogre mage
 11922 | D:10     | Killed a rakshasa
 12057 | D:10     | Reached *** piety under Makhleb
 12222 | D:10     | Noticed a death yak
 12374 | D:10     | Killed a cyclops
 12513 | D:10     | Killed a death yak
 12514 | D:10     | Reached XP level 12. HP: 84/90 MP: 0/0
 12518 | D:10     | Killed a death yak
 12531 | D:10     | Killed a death yak
 12617 | D:10     | Found a staircase to the Lair.
 12638 | Lair:1   | Entered Level 1 of the Lair of Beasts
 12652 | Lair:1   | Reached skill level 10 in Fighting
 12700 | Lair:1   | Reached skill level 10 in Dodging
 12913 | Lair:1   | Found a white marble altar of Elyvilon.
 13263 | Lair:1   | Reached **** piety under Makhleb
 13805 | Lair:2   | Noticed a five-headed hydra
 13819 | Lair:2   | Killed a five-headed hydra
 13956 | Lair:2   | Noticed Fannar
 13967 | Lair:2   | Killed Fannar
 14154 | Lair:2   | Noticed a boulder beetle
 14476 | Lair:2   | Noticed Harold
 14579 | Lair:2   | Killed Harold
 14580 | Lair:2   | Reached XP level 13. HP: 73/99 MP: 0/0
 14580 | Lair:2   | Learned a level 5 spell: Fireball
 14724 | Lair:2   | Found a hole to the Spider Nest.
 15538 | Lair:3   | Noticed an eight-headed hydra
 15584 | Lair:3   | Killed an eight-headed hydra
 16826 | Lair:3   | Found a staircase to the Swamp.
 17206 | Lair:4   | Noticed a six-headed hydra
 17215 | Lair:4   | Killed a six-headed hydra
 17882 | Lair:4   | Reached skill level 10 in Spellcasting
 18757 | Lair:5   | Entered Level 5 of the Lair of Beasts
 18974 | Lair:5   | Reached ***** piety under Makhleb
 19123 | Lair:5   | Reached XP level 14. HP: 84/108 MP: 0/0
 19210 | Lair:4   | HP: 4/108 [swamp dragon (9)]
 19210 | Lair:4   | HP: 1/108 [swamp dragon (3)]
 19896 | D:9      | Bought a ring of willpower for 400 gold pieces
 20113 | Lair:5   | Reached skill level 1 in Armour
 21609 | Lair:5   | Noticed a dire elephant
 21646 | Lair:5   | Reached skill level 5 in Armour
 21897 | Lair:5   | Found a staircase to the Slime Pits.
 21898 | Lair:5   | Found a viscous altar of Jiyva.
 22460 | Lair:5   | Noticed a dire elephant
 22466 | Lair:5   | Noticed a dire elephant
 22488 | Lair:5   | Noticed a dire elephant
 22742 | Lair:4   | Killed a dire elephant
 23361 | Lair:5   | HP: 2/103 [necromancer/bolt of negative energy (6)]
 23996 | Lair:4   | Killed a dire elephant
 23997 | Lair:4   | Reached XP level 15. HP: 33/115 MP: 0/0
 23997 | Lair:4   | Learned a level 6 spell: Statue Form
 24477 | Lair:5   | Identified the +5 robe of Baldness {Dex+2}
 24671 | D:11     | Found a staircase to the Orcish Mines.
 24725 | D:11     | Identified the +6 scale mail of the Sky {Rampage rC+ Int+2
                  | SInv}
 25580 | D:12     | Found Reusehae's Assorted Antiques.
 25987 | Orc:1    | Entered Level 1 of the Orcish Mines
 26122 | Orc:1    | Reached ****** piety under Makhleb
 26421 | Orc:1    | Noticed Nergalle
 26517 | D:11     | Killed Nergalle
 26945 | Orc:2    | Entered Level 2 of the Orcish Mines
 26961 | Orc:2    | Reached skill level 1 in Invocations
 27206 | Orc:2    | Found a staircase to the Elven Halls.
 27247 | Orc:2    | Found Talujarph's General Store.
 27268 | Orc:2    | Reached XP level 16. HP: 90/124 MP: 0/0
 27298 | Orc:2    | Found Osot's Armour Shoppe.
 27298 | Orc:2    | Found Gucsaba's Book Shop.
 27298 | Orc:2    | Found Suegub's Magic Scroll Shoppe.
 27323 | Orc:2    | Bought a scroll of identify for 36 gold pieces
 27323 | Orc:2    | Bought a scroll of identify for 36 gold pieces
 27572 | Orc:2    | Bought the +5 pair of gloves of Absence {rPois rF- rC++
                  | Stlth+} for 648 gold pieces
 27749 | Swamp:1  | Entered Level 1 of the Swamp
 27750 | Swamp:1  | Noticed Josephine
 27806 | Lair:3   | Reached skill level 15 in Fighting
 27812 | Lair:3   | Reached skill level 5 in Invocations
 27961 | Lair:3   | Killed Josephine
 28952 | Swamp:2  | Noticed Louise
 28993 | Swamp:2  | Killed Louise
 29688 | Swamp:2  | Noticed Donald
 29701 | Swamp:2  | Killed Donald
 30244 | Swamp:3  | Reached skill level 10 in Armour
 30244 | Swamp:3  | Reached XP level 17. HP: 131/131 MP: 0/0
 30244 | Swamp:3  | Learned a level 6 spell: Death Channel
 30582 | Swamp:4  | Entered Level 4 of the Swamp
 30620 | Swamp:4  | Noticed a tentacled monstrosity
 30722 | Swamp:4  | Killed a tentacled monstrosity
 31008 | Swamp:4  | Reached XP level 18. HP: 138/138 MP: 0/0
 31393 | Swamp:4  | Noticed a bone dragon
 32030 | Swamp:3  | HP: 3/138 [bone dragon (8)]
 32421 | D:12     | Bought a scroll of blinking for 225 gold pieces
 32421 | D:12     | Bought a potion of heal wounds for 150 gold pieces
 32860 | Swamp:4  | Upgraded the game from 0.30-a0-953-g5f1da4a474 to
                  | 0.30-a0-956-gcec3b41aec
 32934 | Swamp:4  | Got a decaying rune of Zot
 33071 | Spider:1 | Entered Level 1 of the Spider Nest
 33142 | Spider:1 | Gained mutation: You are weak. (Str -2) [mutagenic glow]
 33155 | Spider:1 | Gained mutation: You occasionally lose the ability to drink
                  | potions when taking damage. [mutagenic glow]
 33171 | Spider:1 | Gained mutation: You are frail. (-10% HP) [mutagenic glow]
 33172 | Spider:1 | Lost mutation: You are weak. (Str -2) [potion of mutation]
 33172 | Spider:1 | Lost mutation: You occasionally lose the ability to drink
                  | potions when taking damage. [potion of mutation]
 33172 | Spider:1 | Gained mutation: Your muscles are strong. (Str +4, Int/Dex
                  | -1) [potion of mutation]
 33172 | Spider:1 | Gained mutation: Your body sometimes deteriorates upon
                  | taking damage. [potion of mutation]
 33202 | Spider:1 | Lost mutation: Your muscles are strong. (Str +4, Int/Dex
                  | -1) [potion of mutation]
 33202 | Spider:1 | Lost mutation: Your body sometimes deteriorates upon taking
                  | damage. [potion of mutation]
 33202 | Spider:1 | Gained mutation: Your flesh is almost immune to the effects
                  | of heat. (rF+++) [potion of mutation]
 33202 | Spider:1 | Gained mutation: You have hidden genetic defects. [potion
                  | of mutation]
 34406 | Spider:1 | Reached skill level 15 in Dodging
 34570 | Spider:2 | Gained mutation: Armour fits poorly on your strangely
                  | shaped body. [hidden defects]
 34926 | Spider:2 | Blown up by an orb spider

Illustrated notes

Levels and vault maps discovered:
D:1:      grunt_arrival_crossed_arrows, layout_loops_corners
D:2:      layout_loops_corners, basic_altar
D:3:      layout_basic, serial_shops, nicolae_shop_stone
D:4:      layout_cave_pods, uniq_sigmund
D:5:      layout_basic, minmay_circle_x
D:6:      layout_gridville, nicolae_overflow_hidden_temple,
          minmay_temple_entry_butterflies, uniq_maggie
D:7:      layout_gridville, minmay_misc_feat_room, uniq_crazy_yiuf_cottage,
          uniq_pikel
D:8:      layout_gridville, mainiacjoe_overflow_alcove_4, minmay_pinched_square
D:9:      layout_small_grid, grunt_temple_overflow_octagram, serial_shops, shop,
          minmay_crystal_water
D:10:     layout_loops_cross, dpeg_lair_monsters, grunt_tough_drop
D:11:     layout_basic, orc_0_dummy, library_closet, nicolae_underground_beach
D:12:     layout_big_octagon, serial_shops, shop, nrook_loot_triangle
Temple:   hellmonk_temple_forest_ring
Lair:1:   layout_cellular_growth, basic_altar, grunt_megastairs_4,
          infiniplex_staircase_pool_2
Lair:2:   layout_loops_ring, hellmonk_spider_entry_not_the_bees, uniq_harold,
          uniq_fannar
Lair:3:   layout_gridlike, minmay_swamp_entry_worms, grunt_megastairs_5
Lair:4:   layout_hall_layers, fungi_pond_lemuel, serial_bayou_lagoon_b,
          lemuel_fruit_tree, serial_bayou_shore_a, serial_bayou_shore_b
Lair:5:   due_jungle_book, layout_big_grid, slime_entry_1, pond
Swamp:1:  layout_basic_swamp, evilmike_swamp_ruin_house_4, swamp_pool1,
          uniq_josephine
Swamp:2:  layout_basic_swamp, evilmike_swamp_ruin_house_1, uniq_louise,
          uniq_donald
Swamp:3:  layout_basic_swamp, serial_swamp_ruin, hangedman_swamp_ruin_wall,
          evilmike_swamp_ruin_rubble_1, evilmike_swamp_ruin_house_2
Swamp:4:  swamp_pestilence, layout_basic_swamp, swamp_pool1
Spider:1: layout_spider_delve
Spider:2: layout_spider_delve, nicolae_spider_undead_wolf_pack
Orc:1:    layout_caves, uniq_nergalle
Orc:2:    st_orc_ogre_mass, layout_caves, elves_outpost_lemuel

Skill      XL: |  1  2  3  4  5  6  7  8  9 10 11 12 13 14 15 16 17 18 |
---------------+-------------------------------------------------------+-----
Spellcasting   | 4 5 6 7 8 9 10 11 13 14 | 14.2
Fighting       | 2 3 4 5 6 7 9 11 12 13 14 15 | 15.2
Shields        | 2 4 |  4.4
Long Blades    | 3 4 |  4.2
Dodging        | 8 12 14 15 | 15.1
Armour         | 6 9 10 12 | 12.0
Invocations    | 3 6 9 |  9.7
Stealth        | |  1.5

Action                     |  1- 3 |  4- 6 |  7- 9 | 10-12 | 13-15 | 16-18 || total
---------------------------+-------+-------+-------+-------+-------+-------++-------
  Melee: Unarmed           |     1 |       |       |       |       |       ||     1
         Dagger            |     2 |       |       |       |       |       ||     2
         Falchion          |       |       |    15 |       |       |       ||    15
         Short sword       |       |       |     2 |   246 |   755 |   358 ||  1361
   Cast: Freeze            |    25 |     6 |    13 |    13 |       |     6 ||    63
         Sandblast         |    19 |    34 |    53 |    41 |   111 |    55 ||   313
         Searing Ray       |       |     7 |     4 |     5 |     4 |     4 ||    24
         Ozocubu's Armour  |       |     3 |    15 |    51 |    80 |    32 ||   181
         Frozen Ramparts   |       |     2 |    13 |    48 |    69 |    20 ||   152
         Summon Ice Beast  |       |       |     8 |    38 |    52 |    16 ||   114
         Stone Arrow       |       |       |     4 |    17 |    83 |   246 ||   350
         Petrify           |       |       |       |     3 |    15 |     2 ||    20
         Fireball          |       |       |       |       |    57 |   141 ||   198
         Statue Form       |       |       |       |       |       |     2 ||     2
         Death Channel     |       |       |       |       |       |     3 ||     3
  Evoke: Wand              |       |       |       |       |       |     7 ||     7
    Use: Scroll            |       |     6 |     4 |     4 |    14 |    15 ||    43
         Potion            |       |     1 |       |     2 |     3 |     6 ||    12
   Stab: Sleeping          |     1 |       |       |     4 |     4 |     4 ||    13
         Petrified         |       |       |       |     2 |    30 |     7 ||    39
         Distracted        |       |       |       |     1 |     2 |     1 ||     4
         Petrifying        |       |       |       |       |     1 |       ||     1
 Armour: Robe              |     6 |     8 |    14 |   112 |   144 |    26 ||   310
         Acid dragon scale |       |       |       |       |   141 |       ||   141
         Skin              |       |       |       |       |     3 |    34 ||    37
         Scale mail        |       |       |       |       |       |   327 ||   327
  Dodge: Dodged            |    15 |     7 |    31 |   173 |   650 |   477 ||  1353
  Block: Buckler           |       |     2 |     7 |    70 |   220 |   161 ||   460

Table legend: (Time is in decaauts)
 A = Elapsed time spent in this place.
 B = Non-inter-level travel time spent in this place.
 C = Inter-level travel time spent in this place.
 D = Time resting spent in this place.
 E = Time spent auto-exploring this place.
 F = Levels seen in this place.
 G = Mean time per level.
                   A        B        C        D        E       F      G
               +--------+--------+--------+--------+--------+-----+--------+
         Total |  34727 |  31540 |   3187 |  11392 |  12343 |  26 | 1335.7 |
       Dungeon |  14139 |  13172 |    967 |   3464 |   7000 |  12 | 1178.2 |
        Temple |    181 |    132 |     49 |      0 |    121 |   1 |  181.0 |
          Lair |  12388 |  10934 |   1454 |   5102 |   2872 |   5 | 2477.6 |
         Swamp |   4656 |   4211 |    445 |   1650 |   1324 |   4 | 1164.0 |
   Spider Nest |   1848 |   1670 |    178 |    854 |    394 |   2 |  924.0 |
  Orcish Mines |   1513 |   1419 |     94 |    322 |    632 |   2 |  756.5 |
               +--------+--------+--------+--------+--------+-----+--------+

Top non-repeatable levels by time:
  Lair:5: 3523 daAuts
  Lair:3: 2881 daAuts
  Lair:4: 2835 daAuts
     D:9: 2083 daAuts
     D:8: 1764 daAuts
Spider:1: 1721 daAuts
 Swamp:4: 1710 daAuts
  Lair:2: 1670 daAuts
    D:10: 1496 daAuts
  Lair:1: 1478 daAuts
     D:7: 1380 daAuts
     D:4: 1114 daAuts
     D:1: 1046 daAuts
 Swamp:2: 1045 daAuts
 Swamp:3: 1043 daAuts
